 Dungeon Crawl Stone Soup version 0.29.0-4-gdea44cf6ec (webtiles) character file.

Game seed: 198361616174646556

0 qw the Sneak (level 1, -1/14 HPs)
             Began as a Gargoyle Delver on Sept 10, 2022.
             Slain by a quokka (3 damage)
             ... summoned by a kobold
             ... on level 5 of the Dungeon.
             The game lasted 00:00:03 (365 turns).

qw the Sneak (Gargoyle Delver)                       Turns: 365, Time: 00:00:04

Health: -1/14      AC:  5    Str: 15    XL:     1   Next: 10%
Magic:  1/1        EV: 11    Int: 10    God:
Gold:   0          SH:  0    Dex: 11    Spells: 0/0 levels left

rFire   . . .      SeeInvis .   a - +0 hand axe
rCold   . . .      Faith    .   (no shield)
rNeg    + . .      Spirit   .   b - +0 leather armour
rPois   inf        Reflect  .   (no helmet)
rElec   +          Harm     .   (no cloak)
rCorr   .          Rampage  .   (no gloves)
Will    .....                   (no boots)
Stlth   +++.......              (no amulet)
HPRegen 0.04/turn               (no ring)
MPRegen 0.07/turn               (no ring)

@: no status effects
A: sickness immunity, AC +2, negative energy resistance 1, electricity
resistance, torment resistance 1, petrification resistance
a: no special abilities


You were on level 5 of the Dungeon.
You visited 1 branch of the dungeon, and saw 1 of its levels.


Innate Abilities, Weirdness & Mutations

You are immune to sickness and miasma.
Your stone body is resilient. (AC +2)
You are immune to poison.
You resist negative energy. (rN+)
You are resistant to electric shocks. (rElec)
You are resistant to unholy torment.
You are immune to petrification.


   Skills:
 - Level 3.2 Fighting
 + Level 1.8 Axes
 - Level 1.5 Dodging
 - Level 5.4 Stealth


You couldn't memorise any spells.
You didn't know any spells.
Your spell library was empty.

Inventory:

Hand Weapons
 a - a +0 hand axe (weapon)
Armour
 b - a +0 leather armour (worn)
Wands
 g - a wand of digging (3)
Potions
 f - a potion of haste
 h - a potion of resistance {unknown}

Dungeon Overview and Level Annotations

Branches:
Dungeon (5/15)             Temple (0/1) D:5

Altars:


Message History

The kobold shouts!
You hear a shout!
The kobold demonologist shouts!
You hear a shout!
A kobold comes into view. It is wielding a +0 short sword.
You miss the kobold. The kobold hits you but does no damage.
You barely miss the kobold. The kobold hits you but does no damage.
You hit the kobold.
You kill the kobold!
A kobold comes into view. It is wielding a +0 whip.
A quokka comes into view.
The kobold reads a scroll.
Wisps of shadow swirl around the kobold.
361 ||| Stepping ~*~*~tactically~*~*~ (hiding).
You closely miss the kobold demonologist.
The kobold demonologist completely misses you.
A phantom comes into view.
You barely miss the kobold demonologist.
You closely miss the jackal.
The kobold demonologist begins to cast a cantrip, but forgets the words!
An orc priest comes into view. It is wielding a +0 club.
The jackal closely misses you.
The orc priest looks braver for a moment.
The kobold demonologist hits you but does no damage.
The orc wizard shouts!
You hit the kobold demonologist but do no damage.
You closely miss the jackal.
The jackal bites you but does no damage.
The jackal bites you.
A kobold comes into view. It is wielding a +0 whip.
The kobold demonologist hits you with a +0 dagger.
The orc wizard gestures at you while chanting.
The magic dart hits you.
You miss the kobold demonologist. You barely miss the jackal.
The kobold shouts!
You hit the quokka.
You hear a shout!
The jackal bites you but does no damage.
The quokka bites you.
You die...

#.>..##.....
##......K####
#######...5........
#..........>......#
#.####.?..........#
#.......5#......
#.##..h.K#....##
#....hh#K# #..#
###...r@## ....
#..#...# #..
#.$..#...K ..
#..#####.>.# ##.
....# # .#.Wo#
###..o. #...


You could see a kobold demonologist, a phantom, an orc priest, an orc wizard, a
shadow imp (summoned), a quokka (summoned), 3 jackals and 2 kobolds.

Vanquished Creatures
  A kobold (D:5)
1 creature vanquished.

Notes
Turn   | Place    | Note
-------+----------+-------------------------------------------
     0 | D:5      | qw the Gargoyle Delver began the quest for the Orb.
     0 | D:5      | Reached XP level 1. HP: 14/14 MP: 1/1
     0 | D:5      | 0 ||| qw: Version: 0.1-a-116-g5d60599
     0 | D:5      | 0 ||| qw: Game counter: 8955
     0 | D:5      | 0 ||| qw: Always use a shield: true
     0 | D:5      | 0 ||| qw: God list: Okawaru
     0 | D:5      | 0 ||| qw: Allow faded altars: false
     0 | D:5      | 0 ||| qw: Do Orc after D:15 true
     0 | D:5      | 0 ||| qw: Do second Lair branch before Depths: true
     0 | D:5      | 0 ||| qw: Lair rune preference: random
     0 | D:5      | 0 ||| qw: Plans: Normal
     0 | D:5      | 0 ||| PLANNING D:1-11
     5 | D:5      | Found a staircase to the Ecumenical Temple.
     6 | D:5      | 6 ||| PLANNING TEMPLE
     6 | D:5      | 6 ||| DROPPING scroll of fog.
     7 | D:5      | 7 ||| DROPPING scroll of magic mapping.
     8 | D:5      | 8 ||| DROPPING scroll of fear.
    10 | D:5      | Noticed an orc wizard
    11 | D:5      | 11 ||| Stepping ~*~*~tactically~*~*~ (hiding).
   114 | D:5      | 114 ||| Stepping ~*~*~tactically~*~*~ (hiding).
   216 | D:5      | 216 ||| Stepping ~*~*~tactically~*~*~ (hiding).
   318 | D:5      | 318 ||| Stepping ~*~*~tactically~*~*~ (hiding).
   345 | D:5      | 345 ||| Stepping ~*~*~tactically~*~*~ (hiding).
   353 | D:5      | Noticed a kobold demonologist
   361 | D:5      | 361 ||| Stepping ~*~*~tactically~*~*~ (hiding).
   362 | D:5      | Noticed a phantom
   363 | D:5      | Noticed an orc priest
   364 | D:5      | HP: 2/14 [orc wizard/magic dart (6)]
   365 | D:5      | Slain by a quokka

Levels and vault maps discovered:
D:5:      kennysheep_steamy, layout_basic, mainiacjoe_overflow_brackets,
          mainiacjoe_overflow_six_doors_small, mainiacjoe_overflow_24_doors,
          minmay_temple_entry_arrows, supply_closet_lemuel,
          corexii_leaking_fountain

Action                   || total
-------------------------++-------
Melee: Hand axe          ||     7
Armor: Leather armour    ||     5
Dodge: Dodged            ||     2

Table legend:
 A = Non-vault XP
 B = Vault XP
 C = Vault XP percentage of total XP
 D = Non-vault monster count
 E = Vault monster count
 F = Vault count percentage of total count
                 A         B        C        D         E       F
            +---------+---------+-------+---------+---------+-------
      Total |       1 |       0 |   0.0 |       1 |       0 |   0.0
            +---------+---------+-------+---------+---------+-------
        D:5 |       1 |       0 |   0.0 |       1 |       0 |   0.0
            +---------+---------+-------+---------+---------+-------
